 Dungeon Crawl Stone Soup version 0.16.0-18-g484a79e (console) character file.

198 gw the Ruffian (level 5, -3/47 HPs)
             Began as a Ghoul Berserker on Mar 22, 2015.
             Was a Believer of Trog.
             Slain by Gazenkin's ghost (9 damage)
             ... on level 4 of the Dungeon.
             The game lasted 00:03:59 (2974 turns).

gw the Ruffian (Ghoul Berserker)                    Turns: 2974, Time: 00:03:59

Health: -3/47      AC: 10    Str: 20    XL:     5   Next: 76%
Magic:  4/4        EV:  8    Int:  3    God:    Trog [**....]
Gold:   135        SH:  0    Dex:  9    Spells: 0 memorised, 4 levels left

rFire  . . .     SeeInvis .       - Unarmed
rCold  + . .     Clarity  .     a - +0 chain mail
rNeg   + + +     SustAb   .     (no shield)
rPois  ∞         Gourm    .     d - +0 helmet
rElec  .         Spirit   .     (no cloak)
rCorr  .         Warding  .     (no gloves)
rMut   .         Stasis   .     (no boots)
MR     ++...                    (no amulet)
Stlth  ..........               (no ring)
                                (no ring)

@: very slightly contaminated, regenerating, rotting, hasted, very quick, very
resistant to hostile enchantments, extremely unstealthy
A: rotting body, claws 1, carnivore 3, cold resistance 1, negative energy
resistance 3, poison resistance, slow healing 1, torment resistance, unbreathing
a: Burn Spellbooks, Trog's Hand, Renounce Religion


You were on level 4 of the Dungeon.
You worshipped Trog.
Trog was pleased with you.
You were not hungry.

You visited 1 branch of the dungeon, and saw 4 of its levels.

You collected 135 gold pieces.

Inventory:

Missiles
 e - a tomahawk (quivered)
 f - 89 stones
Armour
 a - a +0 chain mail (worn)
 d - a +0 helmet (worn)
Magical devices
 i - a wand of teleportation (0)
 k - a wand of random effects (30)
 n - a wand of hasting (2)
Scrolls
 b - 2 scrolls of identify
 g - 2 scrolls of enchant weapon
 h - 2 scrolls of remove curse
 j - a scroll of recharging
Potions
 o - a potion of curing
Comestibles
 c - 3 meat rations


   Skills:
 + Level 4.3 Fighting
 + Level 2.1 Throwing
 + Level 2.5 Armour
 - Level 1.7 Dodging
 * Level 4.9 Unarmed Combat


You had 4 spell levels left.
You didn't know any spells.

Dungeon Overview and Level Annotations

Branches:
Dungeon (4/15)
 Temple: D:4-7

Altars:
Makhleb

Annotations:
D:4 Gazenkin's ghost, experienced HuFi


Innate Abilities, Weirdness & Mutations

Your body is rotting away.
You thrive on raw meat.
You have sharp fingernails.
You are carnivorous and can eat meat at any time.
Your flesh is cold resistant.
You are immune to negative energy.
Your system is resistant to poisons.
You heal slowly when monsters are visible.
You are immune to unholy pain and torment.
You can survive without breathing.


Message History

Unknown command.
Unknown command.
Unknown command.
ATTACKING (-1,-1)
You barely miss Gazenkin's ghost.
Gazenkin's ghost is almost destroyed.
Your skin stops crawling.
You feel less resistant to hostile enchantments.
The bat hits you but does no damage. Gazenkin's ghost hits you.
The hobgoblin hits you but does no damage.
Unknown command.
Unknown command.
Unknown command.
Unknown command.
Use which ability? (? or * to list)
Your skin crawls.
You feel resistant to hostile enchantments.
You feel slightly more hungry. The bat completely misses you.
Gazenkin's ghost hits you!
You die...

...........#.#
#...##.....#.####.
..##............#
............#####
.######.#..#
#[.....#####
###........#
###.>..Wb#
#...lgn# ##.#+###
#.# #.. ###


You could see an iguana, Gazenkin's ghost, a hobgoblin and a bat.

Table legend:
 A = Turns spent in this place as a percentage of turns spent in the entire game.
 B = Non-inter-level travel turns spent in this place as a percentage of non-inter-level travel turns spent in the entire game.
 C = Inter-level travel turns spent in this place as a percentage of turns spent in this place.
 D = Turns resting spent in this place as a percentage of non-inter-level travel turns spent in this place.
 E = Turns spent auto-exploring this place as a percentage of non-inter-level travel turns spent in this place.
 F = Non-inter-level travel turns spent in this place divided by the number of levels of this place that you've seen.
                   A       B       C       D       E      F
               +-------+-------+-------+-------+-------+----------------------
         Total | 100.0 | 100.0 |   0.9 |   0.6 |   2.2 | 1358.5
       Dungeon | 100.0 | 100.0 |   0.9 |   0.6 |   2.2 | 1358.5
               +-------+-------+-------+-------+-------+----------------------

Table legend:
 A = Kills in this place as a percentage of kills in entire the game.
 B = Kills by you in this place as a percentage of kills by you in the entire game.
 C = Kills by friends in this place as a percentage of kills by friends in the entire game.
 D = Other kills in this place as a percentage of other kills in the entire game.
 E = Experience gained in this place as a percentage of experience gained in the entire game.
 F = Experience gained in this place divided by the number of levels of this place that you have seen.
                   A       B       C       D       E      F
               +-------+-------+-------+-------+-------+----------------------
         Total | 100.0 | 100.0 |  -nan |  -nan | 100.0 |  70.8
       Dungeon | 100.0 | 100.0 |  -nan |  -nan | 100.0 |  70.8
               +-------+-------+-------+-------+-------+----------------------

Vanquished Creatures
  Jessica (D:2)
  Robin (D:3)
  9 adders
  A giant mite (D:2)
  2 worms
  An adder zombie (D:3)
  2 giant geckos (D:1)
  2 giant cockroaches (D:1)
  7 goblins
  10 hobgoblins
  4 jackals (D:2)
  5 kobolds
  2 quokkas (D:2)
  9 bats
  4 giant newts
  6 rats
66 creatures vanquished.

Notes
Turn   | Place    | Note
--------------------------------------------------------------
     0 | D:1      | gw, the Ghoul Berserker, began the quest for the Orb.
     0 | D:1      | Reached XP level 1. HP: 19/19 MP: 1/1
   119 | D:1      | Reached XP level 2. HP: 17/26 MP: 2/2
   683 | D:1      | Reached skill level 1 in Throwing
   683 | D:1      | Reached XP level 3. HP: 28/33 MP: 3/3
  1030 | D:2      | Reached skill level 4 in Fighting
  1109 | D:2      | Reached XP level 4. HP: 38/40 MP: 3/3
  1378 | D:2      | Acquired Trog's second power
  1533 | D:2      | Noticed Jessica
  1548 | D:2      | Killed Jessica
  1952 | D:3      | Noticed Robin
  1965 | D:3      | Reached XP level 5. HP: 40/46 MP: 4/4
  1973 | D:3      | Killed Robin
  2554 | D:3      | Found a burning altar of Makhleb.
  2554 | D:3      | Noticed a balrug
  2912 | D:4      | Noticed Gazenkin's ghost (experienced HuFi)
  2974 | D:4      | Slain by Gazenkin's ghost

Action                   |  1- 3 |  4- 6 || total
-------------------------+-------+-------++-------
Melee: Unarmed           |    84 |   152 ||   236
Throw: Stone             |    54 |    31 ||    85
       Tomahawk          |       |    41 ||    41
Invok: Trog's Hand       |       |     3 ||     3
Evoke: Wand              |       |     2 ||     2
  Use: Scroll            |     3 |     3 ||     6
       Potion            |     2 |     5 ||     7
  Eat: Chunk             |    22 |    25 ||    47

Vault maps used:
D:1:      dpeg_arrival_orchard
D:2:      uniq_jessica
D:3:      makhleb_altar_promises_db, uniq_robin
D:4:      minmay_temple_entry_glassed_door, first_bread, mrwooster_statue_mirror
